 Dungeon Crawl Stone Soup version 0.17.1-2-g5865329 (webtiles) character file.

149 inmateoo the Cudgeler (level 5, 0/31 HPs)
             Began as a Gargoyle Arcane Marksman on Feb 16, 2016.
             Slain by an ogre
             ... wielding a +0 giant club
              (18 damage)
             ... on level 4 of the Dungeon.
             The game lasted 00:05:00 (2941 turns).

inmateoo the Cudgeler (Gargoyle Arcane Marksman)    Turns: 2941, Time: 00:05:00

Health: 0/31       AC: 16    Str: 15    XL:     5   Next: 31%
Magic:  6/6        EV: 12    Int: 14    God:
Gold:   130        SH:  0    Dex: 19    Spells: 1 memorised, 5 levels left

rFire  . . .     SeeInvis .     g - +1 whip
rCold  . . .     Clarity  .     n - +0 chain mail
rNeg   + . .     SustAt   .     (no shield)
rPois  ∞         Gourm    .     f - +0 helmet
rElec  +         Spirit   .     (no cloak)
rCorr  .         Warding  .     t - +0 pair of gloves (curse)
rMut   .         Stasis   .     e - +0 pair of boots
MR     .....                    (no amulet)
Stlth  ..........               (no ring)
                                r - +5 ring of dexterity

@: agile, not resistant to hostile enchantments, extremely unstealthy
A: negative energy resistance 1, electricity resistance, unbreathing,
petrification resistance, rot immunity, AC +4
a: no special abilities


You were on level 4 of the Dungeon.
You were hungry.

You visited 1 branch of the dungeon, and saw 4 of its levels.

You collected 130 gold pieces.

Inventory:

Hand Weapons
 g - a +1 whip (weapon)
Missiles
 c - 5 javelins (quivered)
Armour
 e - a +0 pair of boots (worn)
 f - a +0 helmet (worn)
 n - a +0 chain mail (worn)
 t - a cursed +0 pair of gloves (worn)
Magical Staves
 y - an uncursed staff of wizardry
Jewellery
 r - a +5 ring of dexterity (left hand)
Wands
 z - a wand of draining (3)
Scrolls
 a - a scroll of remove curse
 h - a scroll of identify
 i - 3 scrolls of recharging
 p - a scroll of fog
Potions
 j - 2 potions of curing
 k - a potion of flight {unknown}
 m - a potion of lignification {unknown}
 u - a potion of magic
Books
 b - a book of Debilitation

   Spells                             Type                      Level
   a - Corona                         Hexes                        1
   b - Slow                           Hexes                        2
   c - Gell's Gravitas                Hexes/Translocation          3
   d - Inner Flame                    Hexes/Fire                   3
   e - Cause Fear                     Hexes                        4
   f - Leda's Liquefaction            Hexes/Earth                  4
 o - a book of Air

   Spells                             Type                      Level
   a - Shock                          Conjuration/Air              1
   b - Swiftness                      Charms/Air                   2
   c - Repel Missiles                 Charms/Air                   2
   d - Static Discharge               Conjuration/Air              3
   e - Lightning Bolt                 Conjuration/Air              5
 x - a book of the Sky

   Spells                             Type                      Level
   a - Summon Lightning Spire         Summoning/Air                4
   b - Airstrike                      Air                          4
   c - Silence                        Hexes/Air                    5
   d - Deflect Missiles               Charms/Air                   6
   e - Conjure Ball Lightning         Conjuration/Air              6
   f - Tornado                        Air                          9
Comestibles
 l - a meat ration
 s - 3 fruits
 w - 2 bread rations


   Skills:
 - Level 2.5 Fighting
 * Level 3.2 Maces & Flails
 - Level 1.7 Throwing
 + Level 2.6 Armour
 - Level 1.5 Dodging
 - Level 1.0 Spellcasting
 - Level 2.6 Hexes


You had 5 spell levels left.
You knew the following spells:

 Your Spells              Type           Power        Failure   Level  Hunger
a - Corona                Hex            #......      99%         1    ##.....


Dungeon Overview and Level Annotations

Branches:
Dungeon (4/15)
 Temple: D:4-7

Altars:
Sif Muna
Trog
Vehumet


Innate Abilities, Weirdness & Mutations

You are resistant to torment.
Your stone body is resilient (AC +4).
You are immune to poison.
You resist negative energy.
You are resistant to electric shocks.
You can survive without breathing.
You are immune to petrification.
You are immune to rotting.


Message History

The ogre hits you with a giant club!
* * * LOW HITPOINT WARNING * * *
Drink which item? (? for menu, Esc to quit)
You feel much better. The ogre hits you with a giant club.
You hit the ogre.
The ogre is severely wounded.
The ogre barely misses you.
You hit the ogre.
The ogre is severely wounded.
You barely miss the ogre.
The ogre is severely wounded.
The ogre hits you but does no damage.
You hit the ogre.
The ogre is severely wounded.
The ogre closely misses you.
You hit the ogre.
The ogre is severely wounded.
The ogre hits you with a giant club!!
Ouch! That really hurt!
You die...

### ...
#.# #.# #
#O#.#.###
#@.......
#.#....$.
#.# ####.
..# ..#
####


You could see an ogre.

Vanquished Creatures
  Crazy Yiuf (D:2)
  A worker ant (D:3)
  An adder (D:3)
  An ooze (D:3)
  2 worms
  6 orcs (D:3)
  15 bats
  3 giant cockroaches (D:1)
  11 goblins
  11 hobgoblins
  A giant newt (D:1)
  A jackal (D:1)
  9 kobolds
  A quokka zombie (D:3)
  9 rats
73 creatures vanquished.

Notes
Turn   | Place    | Note
--------------------------------------------------------------
     0 | D:1      | inmateoo the Gargoyle Arcane Marksman began the quest for the Orb.
     0 | D:1      | Reached XP level 1. HP: 12/12 MP: 2/2
   120 | D:1      | Reached XP level 2. HP: 13/16 MP: 3/3
   140 | D:1      | Learned a level 2 spell: Slow
   147 | D:1      | Reached skill level 1 in Maces & Flails
   945 | D:1      | Reached XP level 3. HP: 21/21 MP: 4/4
  1100 | D:1      | Reached skill level 1 in Armour
  1520 | D:2      | Found a bloodstained altar of Trog.
  1686 | D:2      | Found a radiant altar of Vehumet.
  1734 | D:2      | Found a deep blue altar of Sif Muna.
  1830 | D:2      | Noticed Crazy Yiuf
  1879 | D:2      | Killed Crazy Yiuf
  1879 | D:2      | Reached XP level 4. HP: 22/27 MP: 5/5
  2441 | D:3      | Reached XP level 5. HP: 28/31 MP: 6/6
  2541 | D:3      | Reached skill level 3 in Maces & Flails
  2924 | D:4      | Noticed an ogre
  2941 | D:4      | Slain by an ogre

Action                   |  1- 3 |  4- 6 || total
-------------------------+-------+-------++-------
Melee: Whip              |   180 |   161 ||   341
Throw: Throwing net      |     3 |     1 ||     4
       Javelin           |     3 |       ||     3
  Use: Scroll            |     4 |     6 ||    10
       Potion            |       |     2 ||     2
 Stab: Held in net/web   |     2 |       ||     2
  Eat: Chunk             |     1 |     1 ||     2
       Bread ration      |     1 |       ||     1
